 Dungeon Crawl Stone Soup version 0.23-a0-756-g517b432 (webtiles) character file.

77 CanOfBees the Chucker (level 4, -8/48 HPs)
             Began as an Ogre Hunter on Jan 18, 2019.
             Splashed by Ijyb's acid (10 damage)
             ... on level 3 of the Dungeon.
             The game lasted 00:03:38 (2104 turns).

CanOfBees the Chucker (Ogre Hunter)                 Turns: 2104, Time: 00:03:39

Health: -8/48      AC:  3    Str: 17    XL:     4   Next: 33%
Magic:  4/4        EV: 10    Int: 12    God:
Gold:   135        SH:  0    Dex:  9    Spells: 3/3 levels left

rFire    . . .     SeeInvis .   r - +0 spear
rCold    . . .     Gourm    .   (no shield)
rNeg     . . .     Faith    .   b - +0 robe
rPois    .         Spirit   .   (helmet restricted)
rElec    .         Reflect  .   (no cloak)
rCorr    .         Harm     .   (gloves unavailable)
MR       .....                  (boots unavailable)
Stlth    +.........             (no amulet)
HPRegen  0.16/turn              (no ring)
MPRegen  0.09/turn              (no ring)

@: no status effects
A: large, unfitting armour, tough skin 1
a: no special abilities


You were on level 3 of the Dungeon.
You were hungry.

You visited 1 branch of the dungeon, and saw 3 of its levels.

You collected 135 gold pieces.

Inventory:

Hand Weapons
 a - a +0 short sword
 r - a +0 spear (weapon)
Missiles
 c - 4 large rocks
 d - 2 throwing nets
 e - 50 stones (quivered)
 h - 34 bolts
Armour
 b - a +0 robe (worn)
Scrolls
 g - a scroll of noise {unknown}
 j - a scroll of enchant armour {unknown}
 k - 2 scrolls of teleportation {unknown}
 l - 2 scrolls of remove curse {unknown}
 n - a scroll of amnesia {unknown}
 o - a scroll of identify {unknown}
 s - a scroll of random uselessness {unknown}
Potions
 i - a potion of resistance {unknown}
 m - a potion of invisibility {unknown}
 p - 2 potions of ambrosia {unknown}
 q - a potion of lignification {unknown}
 u - a potion of heal wounds {unknown}
 v - a potion of berserk rage {unknown}
 w - a potion of might {unknown}
Comestibles
 f - 8 rations


   Skills:
 + Level 3.7 Fighting
 * Level 4.9 Throwing
 + Level 2.5 Dodging
 - Level 0.6 Stealth


You had 3 spell levels left.
You didn't know any spells.
Your spell library was empty.

Dungeon Overview and Level Annotations

Branches:
Dungeon (3/15)

Altars:

Annotations:
D:3 Ijyb


Innate Abilities, Weirdness & Mutations

You are too large for most types of armour.
You have tough skin. (AC +1)


Message History

You throw a stone. The stone hits the kobold.
You kill the kobold!
Unknown command.
e - 46 stones (gained 2)
You see here a +0 dagger.
e - 47 stones (gained 1)
e - 48 stones (gained 1)
e - 49 stones (gained 1)
e - 50 stones (gained 1)
k - 2 scrolls labeled HOKUOHONAEQ (gained 1) Ijyb the Twisted Goblin comes into view.
She is wielding a +1 dagger of venom and carrying a wand of acid (10).
Ijyb shouts!
Evoke which item? (* to show all) (? for menu, Esc to quit)
Okay, then.
Ijyb zaps a wand.
The bolt of acid hits you!
You are splashed with acid!
The acid burns!
Ijyb zaps a wand.
The bolt of acid hits you!
* * * LOW HITPOINT WARNING * * *
You are splashed with acid!
The acid burns!
You die...

#. #'##### ......#
......# .....###########
#.#.............#
#.#......######.#######.
#.#.........# #@........
#.#.........# #.........
#.#.).......# #.........
#.#.........# #.#######.
##.#.........# #.#
.............# #g#
##.#.........# #.#
#.#.####+######.#
#.#........g....#


You could see Ijyb.

Vanquished Creatures
  4 adders (D:2)
  A worm (D:2)
  A dart slug (D:2)
  2 ball pythons (D:2)
  A giant cockroach (D:2)
  A goblin (D:2)
  3 hobgoblins
  3 jackals (D:1)
  A quokka (D:3)
  5 bats
  2 frilled lizards
  8 kobolds
  6 rats
38 creatures vanquished.

Notes
Turn   | Place    | Note
-------+----------+-------------------------------------------
     0 | D:1      | CanOfBees the Ogre Hunter began the quest for the Orb.
     0 | D:1      | Reached XP level 1. HP: 22/22 MP: 1/1
   225 | D:1      | Reached XP level 2. HP: 28/29 MP: 2/2
  1000 | D:2      | Reached XP level 3. HP: 37/37 MP: 3/3
  1459 | D:2      | Reached XP level 4. HP: 45/45 MP: 4/4
  2090 | D:3      | Noticed Ijyb
  2104 | D:3      | HP: 2/48 [Ijyb/wand of acid (9) (21)]
  2104 | D:3      | Splashed by Ijyb's acid

Vault maps used:
D:1:      evilmike_arrival_plus, minmay_misc_feat_five
D:2:      first_ration, minmay_diced_spiral
D:3:      minmay_inner_zag, minmay_misc_feat_pillars, uniq_grinder, uniq_ijyb

Skill      XL: |  1  2 |
---------------+-------+-----
Dodging        | 2 |  2.5
Fighting       | 3 |  3.7
Throwing       | |  4.9
Stealth        | |  0.6

Action                   |  1- 3 |  4- 6 || total
-------------------------+-------+-------++-------
Melee: Short sword       |    56 |       ||    56
       Spear             |    11 |    13 ||    24
Throw: Stone             |    45 |    39 ||    84
       Large rock        |     9 |     4 ||    13
  Eat: Chunk             |     2 |     1 ||     3
Armor: Robe              |    28 |     6 ||    34
Dodge: Dodged            |    43 |    18 ||    61

Table legend:
 A = Non-vault XP
 B = Vault XP
 C = Vault XP percentage of total XP
 D = Non-vault monster count
 E = Vault monster count
 F = Vault count percentage of total count
                 A         B        C        D         E       F
            +---------+---------+-------+---------+---------+-------
      Total |      88 |      22 |  20.0 |      33 |       5 |  13.2
            +---------+---------+-------+---------+---------+-------
        D:1 |      21 |       0 |   0.0 |      14 |       0 |   0.0
        D:2 |      64 |      22 |  25.6 |      17 |       5 |  22.7
        D:3 |       3 |       0 |   0.0 |       2 |       0 |   0.0
            +---------+---------+-------+---------+---------+-------
